 Dungeon Crawl Stone Soup version 0.27-a0-1228-gfd60fd639a (webtiles) character file.

Game seed: 1887872097035277420

34609 mordus the Grappler (level 13, -2/131 HPs)
             Began as a Troll Monk on June 4, 2021.
             Was a Believer of Jiyva.
             Slain by a ten-headed hydra (13 damage)
             ... on level 5 of the Lair of Beasts on June 7, 2021.
             The game lasted 00:37:00 (14704 turns).

mordus the Grappler (Troll Monk)                   Turns: 14704, Time: 00:37:00

Health: -2/131     AC:  8    Str: 23    XL:     13   Next: 43%
Magic:  12/12      EV: 13    Int:  6    God:    Jiyva [**....]
Gold:   863        SH:  0    Dex: 15    Spells: 12/12 levels left

rFire    + + .     SeeInvis +     - Unarmed
rCold    . . .     Faith    .   (no shield)
rNeg     + . .     Spirit   .   J - +1 troll leather armour
rPois    .         Reflect  .   (helmet restricted)
rElec    .         Harm     .   (no cloak)
rCorr    .         Rampage  .   (gloves unavailable)
Will     ++...                  (boots unavailable)
Stlth    +.........             (no amulet)
HPRegen  2.31/turn              b - ring "Okeask" {rF++ Will+ SInv}
MPRegen  0.13/turn              L - ring "Xicoifoq" {rN+ Will+}

@: studying Dodging
A: large, unfitting armour, claws 3, regeneration 1, shaggy fur 1, tough skin 1
a: Renounce Religion, Request Jelly


You were on level 5 of the Lair of Beasts.
You worshipped Jiyva.
Jiyva was pleased with you.
You visited 2 branches of the dungeon, and saw 17 of its levels.
You also visited: Sewer.

You collected 863 gold pieces.

Inventory:

Hand Weapons
 o - a +1 giant spiked club
 B - the +2 mace of Desertification {antimagic, rPois rC+ Will+ Str+4}
   (You found it on level 5 of the Dungeon)

   It reduces the magical energy of the wielder, and disrupts the spells and
   magical abilities of those hit.
   Natural abilities and divine invocations are not affected.
   It affects your strength (+4).
   It protects you from cold.
   It protects you from poison.
   It increases your willpower.
Missiles
 m - 6 large rocks (quivered)
 y - 7 atropa-tipped darts
 M - 2 curare-tipped darts
Armour
 a - a +0 robe
 f - +0 acid dragon scales
 J - a +1 troll leather armour (worn)
Jewellery
 b - the ring "Okeask" (left claw) {rF++ Will+ SInv}
   (You acquired it on level 10 of the Dungeon)

   [ring of willpower]

   It greatly protects you from fire.
   It lets you see invisible.
   It increases your willpower.
 e - a +6 ring of intelligence
 g - a ring of positive energy
 n - a +4 ring of evasion
 t - a +6 ring of dexterity
 I - a +6 ring of dexterity
 K - a ring of see invisible
 L - the ring "Xicoifoq" (right claw) {rN+ Will+}
   (You found it on level 2 of the Lair of Beasts)

   [ring of positive energy]

   It protects you from negative energy.
   It increases your willpower.
Wands
 j - a wand of acid (37)
 k - a wand of digging (4)
 l - a wand of flame (104)
 q - a wand of paralysis (28)
 z - a wand of charming (21)
 H - a wand of iceblast (28)
Scrolls
 h - 4 scrolls of holy word
 r - 3 scrolls of magic mapping
 v - 6 scrolls of identify
 x - 4 scrolls of teleportation
 C - 3 scrolls of immolation
 F - 2 scrolls of torment {unknown}
 G - 2 scrolls of vulnerability {unknown}
Potions
 c - a potion of haste
 d - 2 potions of lignification {unknown}
 i - 6 potions of curing
 p - a potion of brilliance {unknown}
 s - 3 potions of heal wounds
 u - 4 potions of attraction
 w - 7 potions of flight
 A - 2 potions of might
 D - a potion of berserk rage
 E - 2 potions of resistance
 N - a potion of cancellation {unknown}
 O - a potion of invisibility {unknown}


   Skills:
 + Level 9.6 Fighting
 - Level 5.3 Maces & Flails
 + Level 9.2 Armour
 + Level 7.4 Dodging
 - Level 1.0 Stealth
 * Level 14.0 Unarmed Combat
 + Level 2.7 Evocations


You had 12 spell levels left.
You didn't know any spells.
Your spell library contained the following spells:

 Spells                   Type           Power      Damage    Failure   Level
 Animate Skeleton         Necr           0%         N/A       50%         1
 Apportation              Tloc           0%         N/A       50%         1
 Corona                   Hex            0%         N/A       50%         1
 Sandblast                Erth           0%         2d4       50%         1
 Summon Small Mammal      Summ           0%         N/A       50%         1
 Passwall                 Tmut/Erth      0%         N/A       63%         2
 Confusing Touch          Hex            0%         N/A       86%         3
 Gell's Gravitas          Tloc           0%         N/A       86%         3
 Inner Flame              Hex/Fire       0%         N/A       86%         3
 Stone Arrow              Conj/Erth      0%         3d7       86%         3
 Summon Guardian Golem    Hex/Summ       0%         N/A       86%         3
 Animate Dead             Necr           0%         N/A       99%         4
 Cause Fear               Hex            0%         N/A       99%         4
 Petrify                  Tmut/Erth      0%         N/A       99%         4
 Borgnjor's Vile Clutch   Necr/Erth      0%         N/A       100%        5
 Hydra Form               Tmut           0%         N/A       100%        5
 Lee's Rapid Deconstruct  Erth           0%         3d5*      100%        5
 Metabolic Englaciation   Hex/Ice        0%         N/A       100%        5
 Summon Mana Viper        Hex/Summ       0%         N/A       100%        5
 Yara's Violent Unravell  Hex/Tmut       0%         3d3       100%        5
 Death Channel            Necr           0%         N/A       100%        6
 Simulacrum               Ice/Necr       0%         N/A       100%        6


Dungeon Overview and Level Annotations

Branches:
Dungeon (11/15)            Temple (0/1) D:6            Lair (6/6) D:11
  Swamp (0/4) Lair:2        Snake (0/4) Lair:3        Slime (0/5) Lair:5
    Orc (0/2) D:10          Sewer (visited)

Altars:
Hepliaklqana
Kikubaaqudgha
Okawaru
Qazlal
Ru
Uskayaw
Vehumet
Wu Jian
Yredelemnul
The Shining One
Jiyva

Shops:
D:5 *   D:7 :*   D:11 :

Annotations:
Lair:1 exclusion: oklob plant


Innate Abilities, Weirdness & Mutations

You are too large for most types of armour.
You have claws for hands.
Your natural rate of healing is unusually fast.
You are covered in fur. (AC +1)
You have tough skin. (AC +1)


Message History

You feel very sick.
You tear one of the nine-headed hydra's heads off!
The eight-headed hydra grows two more!
You mangle the ten-headed hydra!!
The ten-headed hydra is heavily wounded.
You feel very sick. The ten-headed hydra bites you! x2
The ten-headed hydra closely misses you.
The ten-headed hydra misses you. The ten-headed hydra barely misses you.
The ten-headed hydra bites you!
* * * LOW HITPOINT WARNING * * *
The ten-headed hydra bites you!
* * * LOW HITPOINT WARNING * * *
The ten-headed hydra bites you but does no damage.
The ten-headed hydra bites you!
* * * LOW HITPOINT WARNING * * *
The ten-headed hydra bites you.
* * * LOW HITPOINT WARNING * * *
You feel very sick.
You feel very sick.
You feel very sick.
You feel sick.
You feel sick.
You feel sick.
You feel sick.
You feel sick.
You feel sick.
You feel sick.
You feel sick.
You are no longer poisoned.
The ten-headed hydra bites you. x2
* * * LOW HITPOINT WARNING * * *
The ten-headed hydra bites you!
* * * LOW HITPOINT WARNING * * *
The ten-headed hydra bites you!
* * * LOW HITPOINT WARNING * * *
The ten-headed hydra bites you but does no damage.
The ten-headed hydra bites you.
* * * LOW HITPOINT WARNING * * *
The ten-headed hydra bites you!
You die...

##...#.####.PP..#....
#....................
##................<...
##.#......P.........P..
##......##....#..###.P..
###.....####P....### .
##......## #....####
#.D...###
##....##.###### #
#....##
#@#....#....#.####
#####..#
###.D.......[....... ###
#P..................
##..................#
####......#....#.#....##
#.P....#.###..#####.##.#
##..P..#.## #...# #####.
##.....#### #.#.## ##...
###.....## #.... #.#..


You could see a ten-headed hydra.

Vanquished Creatures
  A death yak (Lair:4)
  2 cyclopes (D:11)
  A will-o-the-wisp (Lair:2)
  2 black mambas
  7 elephants
  7 cane toads
  2 rime drakes
  3 kobold demonologists (D:10)
  5 komodo dragons
  A polar bear (Lair:2)
  A troll (D:9)
  A hornet (D:10)
  Prince Ribbit (D:9)
  17 blink frogs
  Grinder (D:3)
  A meliai zombie (D:10)
  A slime creature (D:8)
  Sigmund (D:3)
  2 wraiths
  4 wyverns
  64 yaks
  9 basilisks
  4 steam dragons
  17 water moccasins
  2 acid dragons
  A hornet zombie (D:6)
  2 orc warriors
  A sky beast (D:6)
  5 ogres
  2 black bears (D:5)
  35 wolves (Lair:2)
  2 necrophages
  4 centaurs
  2 kobold brigands (D:10)
  8 bullfrogs
  A wyvern zombie (D:7)
  2 scorpions
  A water moccasin skeleton (D:5)
  3 water moccasin zombies
  An electric eel (Lair:3)
  4 centaur zombies
  4 bullfrog zombies
  A hound (D:5)
  7 jellies
  2 bullfrog skeletons (D:5)
  A gnoll shaman (D:6)
  2 orc priests
  2 iguanas
  2 scorpion zombies (D:5)
  4 orc wizards
  A merfolk siren (Sewer)
  A merfolk avatar (Sewer)
  2 killer bee zombies
  A hound zombie (D:5)
  A hound skeleton (D:5)
  Robin (D:4)
  6 gnolls
  3 river rats (Sewer)
  4 adders
  A shadow imp (D:8)
  2 ufetubi
  2 adder skeletons (D:5)
  A worm (D:3)
  4 dart slugs
  18 orcs
  7 bats
  16 endoplasms
  7 giant cockroaches
  11 goblins
  9 hobgoblins
  7 jackals
  10 quokkas
  5 ball pythons
  5 frilled lizards
  7 kobolds
  21 rats
409 creatures vanquished.

Vanquished Creatures (collateral kills)
  An orc wizard (D:10)
  An orc (D:10)
2 creatures vanquished.

Vanquished Creatures (others)
  A water moccasin (Lair:5)
  2 jellies (Lair:5)
  An orc (D:7)
  8 foxfires (Lair:2)
  25 fungi
  32 plants
  2 withered plants (D:5)
71 creatures vanquished.

Grand Total: 482 creatures vanquished

Notes
Turn   | Place    | Note
-------+----------+-------------------------------------------
     0 | D:1      | mordus the Troll Monk began the quest for the Orb.
     0 | D:1      | Reached XP level 1. HP: 22/22 MP: 0/0
     0 | D:1      | Upgraded the game from 0.27-a0-1202-ge72e49191c to
                  | 0.27-a0-1228-gfd60fd639a
   458 | D:2      | Reached XP level 2. HP: 29/29 MP: 1/1
   710 | D:2      | Found an ornate altar of the Wu Jian Council.
   975 | D:2      | Found a faded altar of an unknown god.
  1151 | D:2      | Reached skill level 1 in Armour
  1151 | D:2      | Reached XP level 3. HP: 19/36 MP: 2/2
  1284 | D:3      | Noticed Grinder
  1308 | D:3      | Paralysed by Grinder for 7 turns
  1316 | D:3      | Found an ornate altar of the Wu Jian Council.
  1321 | D:3      | Killed Grinder
  1322 | D:3      | Reached skill level 5 in Unarmed Combat
  1322 | D:3      | Reached XP level 4. HP: 25/45 MP: 3/3
  1322 | D:3      | Reached XP level 5. HP: 30/53 MP: 4/4
  1488 | D:3      | Noticed Sigmund
  1508 | D:3      | Killed Sigmund
  1509 | D:3      | Reached XP level 6. HP: 36/62 MP: 5/5
  1539 | D:3      | Found an iron altar of Okawaru.
  1817 | D:4      | Reached skill level 6 in Unarmed Combat
  1860 | D:4      | Reached XP level 7. HP: 68/68 MP: 6/6
  1994 | D:4      | Noticed Robin
  1997 | D:4      | Killed Robin
  2212 | D:4      | Found a basalt altar of Yredelemnul.
  2552 | D:5      | Entered Level 5 of the Dungeon
  2799 | D:5      | Reached skill level 7 in Unarmed Combat
  2821 | D:5      | Reached XP level 8. HP: 62/79 MP: 7/7
  2928 | D:5      | Reached skill level 8 in Unarmed Combat
  2933 | D:5      | Reached skill level 5 in Fighting
  2966 | D:5      | Found Geeba's Assorted Antiques.
  3097 | D:5      | Found a glowing drain.
  3113 | Sewer    | Entered a sewer
  3750 | D:5      | Identified the +2 mace of Desertification {antimagic, rPois
                  | rC+ Will+ Str+4}
  4132 | D:6      | Reached XP level 9. HP: 83/88 MP: 8/8
  4182 | D:6      | Reached skill level 9 in Unarmed Combat
  4296 | D:6      | Found an ancient bone altar of Kikubaaqudgha.
  4389 | D:6      | Noticed a +0 falchion
  4389 | D:6      | Noticed a +0 falchion
  4389 | D:6      | Noticed a +0 short sword
  4391 | D:6      | Noticed a +0 spear
  4392 | D:6      | Noticed a +0 spear
  4392 | D:6      | Noticed a +0 short sword
  4392 | D:6      | Noticed a +0 dagger
  4395 | D:6      | Noticed a +0 dagger
  4404 | D:6      | Found a hide-covered altar of Uskayaw.
  4416 | D:6      | Found a staircase to the Ecumenical Temple.
  4482 | D:6      | Found a hazy altar of Hepliaklqana.
  4621 | D:7      | Reached skill level 5 in Armour
  4628 | D:7      | Found a glowing golden altar of the Shining One.
  4629 | D:7      | Found a stormy altar of Qazlal.
  4726 | D:7      | Found Xievooh's Book Emporium.
  4734 | D:7      | Identified the +5 rapier "Tonanu" {drain, rElec rF+ rC+
                  | Dex-2}
  4928 | D:7      | Reached skill level 10 in Unarmed Combat
  5182 | D:7      | Found Ufryr's Assorted Antiques.
  5404 | D:8      | Found a sacrificial altar of Ru.
  5564 | D:8      | Reached XP level 10. HP: 100/100 MP: 9/9
  6082 | D:9      | Noticed Prince Ribbit
  6090 | D:9      | Killed Prince Ribbit
  6100 | D:9      | Reached skill level 11 in Unarmed Combat
  7118 | D:10     | Entered Level 10 of the Dungeon
  7165 | D:10     | Found the +8 autumn katana {vorpal, Clar}
  7204 | D:10     | Identified a scroll of acquirement
  7204 | D:10     | Acquired the ring "Okeask" {rF++ Will+ SInv}
  7350 | D:10     | Found a radiant altar of Vehumet.
  7676 | D:10     | Found a staircase to the Orcish Mines.
  8214 | D:11     | Noticed a cyclops
  8221 | D:11     | Killed a cyclops
  8261 | D:11     | Found Peypruj's Book Shoppe.
  8261 | D:11     | Noticed a cyclops
  8265 | D:11     | Killed a cyclops
  8266 | D:11     | Reached skill level 12 in Unarmed Combat
  8266 | D:11     | Reached XP level 11. HP: 109/109 MP: 10/10
  8540 | D:11     | Identified the +1 scale mail "Katubiyr" {Dex+4}
  8802 | D:11     | Found a staircase to the Lair.
  9022 | Lair:1   | Entered Level 1 of the Lair of Beasts
  9526 | Lair:1   | Noticed an oklob plant
 10080 | Lair:2   | Found a staircase to the Swamp.
 10082 | Lair:2   | Noticed an eight-headed hydra
 10119 | Lair:2   | Reached skill level 1 in Maces & Flails
 10200 | Lair:2   | Reached skill level 5 in Dodging
 10258 | Lair:2   | Reached XP level 12. HP: 119/122 MP: 11/11
 10955 | Lair:2   | Reached skill level 5 in Maces & Flails
 11134 | Lair:1   | HP: 2/122 [nine-headed hydra (10)]
 11248 | Lair:2   | Identified the ring "Xicoifoq" {rN+ Will+}
 11366 | Lair:2   | Found the +8 whip "Snakebite" {curare, rPois}
 11621 | Lair:2   | Reached skill level 13 in Unarmed Combat
 11990 | Lair:3   | Noticed a six-headed hydra
 12041 | Lair:3   | Identified Sif Muna's Handbook of Shifting Hexes
 12439 | Lair:3   | Found a staircase to the Snake Pit.
 12628 | Lair:3   | Reached skill level 1 in Evocations
 13125 | Lair:4   | Reached XP level 13. HP: 104/131 MP: 12/12
 13520 | Lair:4   | Acquired a manual of Dodging
 14241 | Lair:5   | Found a viscous altar of Jiyva.
 14241 | Lair:5   | Found a staircase to the Slime Pits.
 14245 | Lair:5   | Became a worshipper of Jiyva Jobaguun the Shapeless
 14245 | Lair:5   | Reached * piety under Jiyva
 14245 | Lair:5   | Reached ** piety under Jiyva
 14424 | Lair:5   | Reached skill level 14 in Unarmed Combat
 14640 | Lair:6   | Entered Level 6 of the Lair of Beasts
 14704 | Lair:5   | Slain by a ten-headed hydra

Illustrated notes

Levels and vault maps discovered:
D:1:      dpeg_arrival_tiny_i, layout_rooms
D:2:      layout_loops_ring, hellmonk_ecumenical_altar_heavens_door,
          basic_altar, minmay_increasing_density
D:3:      layout_rooms, pf_just_have_faith, nicolae_overflow_hidden_temple,
          uniq_grinder, uniq_sigmund
D:4:      layout_loops_cross, marbit_many_paths, uniq_robin
D:5:      layout_basic, serial_shops, shop, serial_undead, serial_undead_d,
          serial_undead_b, serial_undead_a, serial_undead_a, serial_undead_e,
          portal_sewer_entry_f, dk_noncrumbling_2, minivault_23,
          patterned_corridor
D:6:      layout_cave_pools, nicolae_uskayaw_en_pointe, amcnicky_altar_gilded,
          kiku_gazebo_pond_becter, temple_statues
D:7:      layout_cave_pools, grunt_temple_overflow_open, serial_shops, shop,
          kennysheep_little_box, kennysheep_nondescript
D:8:      lemuel_slime, layout_rooms, general_overflow_altar,
          lemuel_old_faithful
D:9:      layout_loops_corners, grunt_decor_cap, uniq_prince_ribbit1
D:10:     layout_gridville, lemuel_tele_altar, serial_co_window_serial,
          co_window_paths_b, co_window_paths_a, co_window_of_opportunity_a,
          co_window_cross_1, co_window_paths_a, co_window_paths_a,
          co_window_of_opportunity_a, co_window_cross_1, co_window_paths_b,
          co_window_cross_2, co_window_broadway_a, co_window_unsneaky_path_c,
          co_window_4corner_b, glass_columns_b
D:11:     layout_basic, lair_entry_dummy, serial_shops, shop
Lair:1:   layout_cave_pods, infiniplex_staircase_pool_2,
          minmay_lair_oklob_chamber
Lair:2:   minmay_guarded_unrand_snakebite, layout_cave_pods,
          minmay_swamp_entry_wisps, gauntlet_entry_generic, serial_forest,
          infiniplex_forest_end_1, infiniplex_forest_lined_3_way,
          infiniplex_forest_lined_room_3, infiniplex_forest_lined_room_,
          infiniplex_forest_straight_2, infiniplex_forest_end_2,
          infiniplex_forest_lined_room_2, grunt_forest_large_clearings
Lair:3:   layout_small_grid, guppyfry_snake_entry_garden,
          infiniplex_staircase_pool, grunt_megastairs_2
Lair:4:   layout_loops_ring, beast_lair_carwin_4, serial_bayou_shore_b,
          grunt_megastairs_3, serial_bayou_shore_b
Lair:5:   layout_concentric_octagons, dpeg_slime_entry_enclosed_altar,
          eino_small_chamber_without_monster, kennysheep_basilisk_garden
Lair:6:   cheibrodos_lair_end_hotspot, layout_regular_city

Skill      XL: |  1  2  3  4  5  6  7  8  9 10 11 12 13 |
---------------+----------------------------------------+-----
Armour         | 1 2 3 4 5 6 7 8 9 |  9.2
Fighting       | 3 4 5 6 7 8 9 |  9.6
Unarmed Combat | 5 6 7 8 10 12 13 14 | 14.0
Dodging        | 3 5 6 7 |  7.4
Maces & Flails | 3 5 |  5.3
Evocations     | 1 2 |  2.7
Stealth        | |  1.0

Action                   |  1- 3 |  4- 6 |  7- 9 | 10-12 | 13-15 || total
-------------------------+-------+-------+-------+-------+-------++-------
Melee: Unarmed           |    61 |    59 |   357 |   646 |   178 ||  1301
       Punch             |       |     1 |    16 |    63 |    15 ||    95
       Mace              |       |       |       |     7 |       ||     7
       Giant spiked club |       |       |       |     2 |       ||     2
Invok: Request Jelly     |       |       |       |       |     1 ||     1
Evoke: Wand              |       |       |       |     3 |       ||     3
  Use: Scroll            |       |       |       |    19 |     3 ||    22
       Potion            |       |       |       |     1 |       ||     1
 Stab: Sleeping          |     3 |     3 |     8 |     3 |       ||    17
       Distracted        |       |       |     1 |       |       ||     1
Armor: Robe              |    15 |    25 |    88 |    10 |       ||   138
       Troll leather arm |       |       |       |   184 |    80 ||   264
Dodge: Dodged            |    30 |    27 |   171 |   351 |   153 ||   732

Table legend: (Time is in decaauts)
 A = Elapsed time spent in this place.
 B = Non-inter-level travel time spent in this place.
 C = Inter-level travel time spent in this place.
 D = Time resting spent in this place.
 E = Time spent auto-exploring this place.
 F = Levels seen in this place.
 G = Mean time per level.
                   A        B        C        D        E       F      G
               +--------+--------+--------+--------+--------+-----+--------+
         Total |  14527 |  13953 |    574 |    420 |   9877 |  18 |  807.1 |
       Dungeon |   8462 |   7975 |    487 |    206 |   6294 |  11 |  769.3 |
          Lair |   5529 |   5443 |     86 |    114 |   3439 |   6 |  921.5 |
         Sewer |    535 |    535 |      0 |    100 |    142 |   1 |  535.0 |
               +--------+--------+--------+--------+--------+-----+--------+

Top non-repeatable levels by time:
  Lair:2: 1960 daAuts
  Lair:1: 1125 daAuts
    D:10: 1084 daAuts
  Lair:3: 1046 daAuts
     D:9: 1035 daAuts
     D:5: 1025 daAuts
     D:2: 848 daAuts
  Lair:4: 843 daAuts
    D:11: 808 daAuts
     D:4: 745 daAuts
     D:8: 741 daAuts
     D:7: 646 daAuts
     D:6: 584 daAuts
  Lair:5: 538 daAuts
   Sewer: 535 daAuts
